 Dungeon Crawl Stone Soup version 0.23-a0-389-g4a5eb334b0 (webtiles) character file.

84 Fandomethor the Poker (level 4, 0/33 HPs)
             Began as a Merfolk Gladiator on Oct 30, 2018.
             Succumbed to an adder's poison
             ... on level 2 of the Dungeon.
             The game lasted 00:02:57 (1257 turns).

Fandomethor the Poker (Merfolk Gladiator)           Turns: 1257, Time: 00:02:58

Health: 0/33       AC:  5    Str: 15    XL:     4   Next: 46%
Magic:  4/4        EV: 11    Int:  7    God:
Gold:   92         SH:  0    Dex: 15    Spells: 3/3 levels left

rFire    + . .     SeeInvis +   a - +1 trident
rCold    . . .     Gourm    .   (no shield)
rNeg     . . .     Faith    .   e - +0 scale mail
rPois    .         Spirit   .   c - +1 helmet
rElec    .         Reflect  .   (no cloak)
rCorr    .         Harm     .   (no gloves)
MR       .....                  (no boots)
Stlth    ..........             m - amulet of rage
HPRegen  0.11/turn              p - -3 ring of protection (curse)
MPRegen  0.09/turn              (no ring)

@: lethally poisoned (0 -> -11)
A: change form in water, swift swim, stealthy swim, see invisible, fire
resistance 1, screaming 1, subdued magic 1
a: Evoke Berserk Rage


You were on level 2 of the Dungeon.
You were not hungry.

You visited 1 branch of the dungeon, and saw 3 of its levels.

You collected 92 gold pieces.

Inventory:

Hand Weapons
 a - a +1 trident (weapon)
Missiles
 d - 3 throwing nets (quivered)
Armour
 c - a +1 helmet (worn)
 e - a +0 scale mail (worn)
Jewellery
 m - an amulet of rage (around neck)
 p - a cursed -3 ring of protection (left hand)
Scrolls
 g - a scroll of fog
 h - 3 scrolls of teleportation {unknown}
 k - a scroll of amnesia
Potions
 b - a potion of agility
 j - 4 potions of flight
Comestibles
 f - 4 rations


   Skills:
 - Level 2.1 Fighting
 + Level 7.4 Polearms
 - Level 2.0 Throwing
 - Level 4.0 Dodging


You had 3 spell levels left.
You didn't know any spells.
Your spell library was empty.

Dungeon Overview and Level Annotations

Branches:
Dungeon (3/15)

Altars:


Innate Abilities, Weirdness & Mutations

You revert to your normal form in water.
You are very nimble and swift while swimming.
You are very stealthy in the water. (Stealth+)
You have supernaturally acute eyesight. (SInv)
Your flesh is heat resistant. (rF+)
You occasionally shout uncontrollably at your foes.
Your spells are a little easier to cast, but a little less powerful.


Message History

You hit the adder.
The adder is moderately wounded.
You feel sick. The adder barely misses you.
The orc hits you but does no damage.
You barely miss the adder.
The adder is moderately wounded.
The adder closely misses you. The adder bites you.
* * * LOW HITPOINT WARNING * * *
You hit the adder.
The adder is severely wounded.
You feel sick. The orc hits you with a +0 hand axe.
* * * LOW HITPOINT WARNING * * *
The adder bites you.
* * * LOW HITPOINT WARNING * * *
You are more poisoned.
The adder poisons you!
It was a potion of mutation.
You feel extremely strange.
Your connection to magic feels subdued.
You feel the urge to shout.
You feel resistant to heat.
Your vision sharpens.
You die...

#...<............#
#............#.###
#............#..#
#............#..#
#............#..##
#............#..(#
...###########..(# ...#
####.(#### ...# #....@S..#
..÷#########.(..o...#
..÷........#.....÷..#
..)........#........######
.....(.....#.............#
..[........#........####.#
...........#........# #.#
........(..#........# #.#
...........#........# #)#


You could see an adder and an orc.

Vanquished Creatures
  4 adders (D:2)
  An ooze (D:1)
  2 worms (D:2)
  2 dart slugs (D:1)
  A leopard gecko (D:2)
  2 bats
  3 giant cockroaches
  A goblin (D:2)
  3 hobgoblins
  4 jackals (D:2)
  A quokka (D:2)
  A ball python (D:1)
  3 frilled lizards
  4 kobolds
  4 rats
36 creatures vanquished.

Notes
Turn   | Place    | Note
-------+----------+-------------------------------------------
     0 | D:1      | Fandomethor the Merfolk Gladiator began the quest for the
                  | Orb.
     0 | D:1      | Reached XP level 1. HP: 16/16 MP: 1/1
   129 | D:1      | Reached skill level 5 in Polearms
   164 | D:1      | Reached XP level 2. HP: 18/22 MP: 2/2
   653 | D:2      | Reached skill level 6 in Polearms
   653 | D:2      | Reached XP level 3. HP: 21/27 MP: 3/3
   997 | D:2      | Reached skill level 7 in Polearms
   997 | D:2      | Reached XP level 4. HP: 20/33 MP: 4/4
  1015 | D:2      | HP: 1/33 [poisoned by an adder]
  1256 | D:2      | HP: 1/33 [adder (2)]
  1257 | D:2      | Gained mutation: Your spells are a little easier to cast,
                  | but a little less powerful. [potion of mutation]
  1257 | D:2      | Gained mutation: You occasionally shout uncontrollably at
                  | your foes. [potion of mutation]
  1257 | D:2      | Gained mutation: Your flesh is heat resistant. (rF+)
                  | [potion of mutation]
  1257 | D:2      | Gained mutation: You have supernaturally acute eyesight.
                  | (SInv) [potion of mutation]
  1257 | D:2      | Succumbed to an adder's poison

Vault maps used:
D:1:      tarquinn_simple_flora_water_a
D:3:      chequers_ecumenical_altar_island, first_ration,
          okawaru_metal_pillars_3, uniq_sigmund, uniq_ijyb

Skill      XL: |  1  2  3 |
---------------+----------+-----
Polearms       | 5 6 7 |  7.4
Fighting       | |  2.1
Throwing       | |  2.0
Dodging        | |  4.0

Action                   |  1- 3 |  4- 6 || total
-------------------------+-------+-------++-------
Melee: Trident           |   114 |    13 ||   127
 Abil: Evoke Berserk Rag |     1 |       ||     1
  Use: Scroll            |     4 |       ||     4
       Potion            |       |     6 ||     6
  Eat: Chunk             |       |     2 ||     2
Armor: Scale mail        |    39 |     5 ||    44
       Leather armour    |     1 |       ||     1
Dodge: Dodged            |    55 |     4 ||    59

Table legend:
 A = Non-vault XP
 B = Vault XP
 C = Vault XP percentage of total XP
 D = Non-vault monster count
 E = Vault monster count
 F = Vault count percentage of total count
                 A         B        C        D         E       F
            +---------+---------+-------+---------+---------+-------
      Total |     121 |       0 |   0.0 |      36 |       0 |   0.0
            +---------+---------+-------+---------+---------+-------
        D:1 |      27 |       0 |   0.0 |      12 |       0 |   0.0
        D:2 |      94 |       0 |   0.0 |      24 |       0 |   0.0
            +---------+---------+-------+---------+---------+-------
